Map: Proxima Station LE

Players

SortOf

  • Race: Zerg Zerg
  • Spawn Location: 7:00

Neeb - Winner!

  • Race: Protoss Protoss
  • Spawn Location: 1:00

Event: WCS Jonkoping 2017

VOD

Have the link to the VOD?

Description

Time

  • Played on: June 18, 2017, 12:40 p.m.
  • Length: 11:42

All games in this series

Show
View Real Time Build Order
Export as new Build Order

SortOf Zerg 

Build Orders: Hatch First 

Get SALT Encoding   

  12  0:00  Drone  
  13  0:12  Overlord  
  13  0:17  Drone  
  14  0:30  Drone x2  
  14  0:35  Drone  
  17  0:52  Hatchery  
  17  0:54  Drone  
  17  0:58  Drone  
  18  1:08  Extractor  
  17  1:14  Spawning Pool  
  17  1:16  Drone  
  17  1:20  Drone  
  18  1:28  Drone  
  19  1:38  Overlord  
  19  1:50  Drone  
  20  2:01  Queen  
  20  2:02  Zergling x2  
  20  2:03  Queen  
  20  2:04  Zergling x2  
  26  2:10  Metabolic Boost  
  26  2:15  Drone x2  
  28  2:21  Drone  
  29  2:28  Drone  
  30  2:36  Drone  
  31  2:38  Hatchery  
  31  2:41  Drone  
  31  2:46  Overlord  
  31  2:50  Drone  
  32  2:53  Drone  
  32  2:58  Queen  
  35  3:03  Drone  
  36  3:11  Drone x2  
  38  3:13  Zergling x2  
  38  3:14  Drone  
  38  3:15  Overlord  
  38  3:17  Drone  
  41  3:22  Drone x2  
  41  3:25  Spore Crawler  
  42  3:33  Queen, Drone  
  46  3:35  Spore Crawler  
  46  3:36  Drone  
  46  3:39  Drone  
  47  3:43  Drone x2  
  47  3:47  Spore Crawler  
  48  3:49  Drone  
  48  3:51  Drone x2  
  51  3:56  Overlord  
  50  4:05  Drone  
  50  4:06  Drone  
  52  4:10  Spore Crawler  
  52  4:13  Queen, Drone  
  52  4:15  Drone  
  55  4:23  Drone x3  
  59  4:26  Overlord  
  59  4:30  Overlord  
  60  4:35  Evolution Chamber  
  60  4:36  Drone  
  60  4:37  Pneumatized Carapace  
  60  4:39  Overlord  
  60  4:40  Overlord  
  60  4:43  Overlord  
  60  4:44  Drone  
  60  4:45  Overlord  
  60  4:46  Baneling Nest  
  60  4:48  Drone, Overlord  
  60  4:51  Drone x2  
  60  4:52  Drone  
  62  4:53  Drone  
  62  4:54  Drone  
  62  4:57  Zergling x4  
  66  5:04  Zerg Melee Weapons Level 1, Zergling x2  
  66  5:05  Zergling x2  
  68  5:10  Zergling x8  
  70  5:15  Zergling x4  
  66  5:21  Zergling x2  
  66  5:22  Zergling x6  
  68  5:28  Drone  
  68  5:29  Drone x4  
  68  5:33  Lair  
  73  5:36  Extractor x2, Drone x3  
  73  5:37  Extractor  
  73  5:40  Extractor  
  72  5:51  Drone x3  
  72  5:55  Queen  
  72  5:56  Queen  
  79  5:59  Drone x4  
  79  6:00  Drone  
  79  6:02  Baneling x3  
  84  6:07  Drone, Overlord  
  84  6:09  Overlord  
  84  6:10  Drone x2  
  87  6:14  Hatchery, Overlord  
  86  6:25  Drone x4  
  85  6:26  Drone  
  87  6:36  Centrifical Hooks  
  87  6:37  Hydralisk Den  
  87  6:39  Zergling x16  
  94  6:40  Hatchery  
  88  6:58  Zergling x14  
  93  7:01  Overlord  
  93  7:08  Muscular Augments  
  93  7:09  Hydralisk x3  
  93  7:10  Hydralisk x3  
  105  7:19  Hydralisk  
  105  7:20  Hydralisk x3  
  113  7:29  Hydralisk x2  
  117  7:37  Hydralisk  
  117  7:38  Hydralisk x2  
  117  7:43  Hydralisk x3  
  123  7:44  Zergling x2  
  123  7:45  Zergling x2  
  127  7:52  Hydralisk x2  
  127  7:53  Hydralisk  
  127  7:54  Zergling x4  
  127  7:58  Hydralisk  
  104  8:18  Hydralisk x3  
  104  8:19  Zergling x6  
  106  8:22  Zergling x2  
  106  8:23  Zergling x2  
  108  8:32  Zergling x12  
  114  8:36  Baneling  
  114  8:38  Baneling x2  
  114  8:41  Zergling x2  
  114  8:42  Zergling x8  
  114  8:47  Overlord  
  117  8:58  Zergling x6  
  117  9:00  Baneling x3  
  117  9:01  Baneling x4  
  120  9:04  Overlord  
  120  9:09  Zergling x2  
  120  9:13  Zergling x4  
  120  9:14  Hydralisk  
  120  9:15  Hydralisk x2  
  115  9:17  Hydralisk x3  
  115  9:23  Zergling x6  
  107  9:28  Hydralisk x2  
  97  9:39  Hydralisk  
  97  9:40  Hydralisk  
  97  9:41  Zergling x2  
  97  9:42  Zergling x8  
  106  9:47  Hydralisk  
  106  9:49  Zergling x2  
  106  9:50  Zergling x2  
  108  9:54  Zergling x4  
  108  9:55  Zergling x8  
  106  10:02  Baneling x4  
  106  10:03  Baneling  
  106  10:04  Baneling  
  106  10:08  Zergling x8  
  109  10:16  Zergling x2  
  109  10:17  Zergling x10  
  109  10:18  Zergling x2  
  109  10:19  Zergling x2  
  116  10:23  Zergling x4  
  115  10:31  Hydralisk, Zergling x4  
  118  10:38  Hydralisk x2  
  118  10:41  Hydralisk  
  118  10:42  Hydralisk x2  
  114  10:46  Hydralisk  
  106  10:51  Zergling x2  
  106  10:52  Zergling x10  
  96  10:59  Zergling x2  
  96  11:02  Hydralisk x2  
  96  11:03  Zergling x2  
  89  11:06  Zergling x2  
  89  11:10  Drone  
  67  11:15  Hydralisk  
  63  11:20  Zergling x2  
  63  11:24  Zergling x6  
Show
View Real Time Build Order
Export as new Build Order

Neeb Protoss - Winner!

Build Orders: Nexus First, Oracle Opening, Phoenix Opening, Zealot Archon 

Get SALT Encoding   

  12  0:00  Probe (Chrono Boost)  
  13  0:11  Probe (Chrono Boost)  
  14  0:17  Pylon  
  14  0:22  Probe (Chrono Boost)  
  15  0:35  Probe (Chrono Boost)  
  16  0:46  Probe (Chrono Boost)  
  17  0:57  Nexus  
  17  1:07  Gateway  
  17  1:10  Probe (Chrono Boost)  
  18  1:16  Assimilator  
  18  1:21  Probe (Chrono Boost)  
  18  1:24  Assimilator  
  19  1:31  Probe (Chrono Boost)  
  20  1:35  Pylon  
  20  1:42  Probe (Chrono Boost)  
  21  1:52  Probe (Chrono Boost)  
  22  1:54  Cybernetics Core  
  22  2:03  Probe (Chrono Boost)  
  23  2:09  Probe (Chrono Boost)  
  23  2:13  Probe (Chrono Boost)  
  25  2:20  Probe (Chrono Boost)  
  26  2:24  Probe (Chrono Boost)  
  26  2:28  Probe (Chrono Boost)  
  27  2:30  Adept (Chrono Boost)  
  27  2:31  Warp Gate (Chrono Boost)  
  27  2:35  Probe, Stargate  
  31  2:39  Probe  
  32  2:47  Probe  
  32  2:49  Probe  
  34  2:54  Adept (Chrono Boost)  
  36  2:59  Probe  
  36  3:00  Probe  
  36  3:02  Pylon  
  38  3:11  Probe x2  
  40  3:14  Oracle (Chrono Boost)  
  40  3:18  Gateway  
  43  3:23  Probe x2  
  45  3:27  Gateway  
  45  3:31  Assimilator  
  45  3:32  Pylon  
  45  3:34  Adept  
  45  3:35  Probe  
  45  3:36  Probe  
  49  3:46  Phoenix  
  49  3:47  Probe, Pylon  
  50  3:52  Probe  
  53  3:59  Probe  
  53  4:01  Pylon  
  54  4:05  Mothership Core  
  56  4:11  Nexus  
  56  4:12  Probe, Oracle  
  60  4:24  Probe  
  60  4:26  Probe  
  60  4:30  Adept x3  
  68  4:33  Assimilator  
  68  4:38  Probe  
  70  4:40  Robotics Facility  
  70  4:42  Probe  
  70  4:50  Probe  
  70  4:51  Pylon  
  71  4:54  Probe  
  71  4:59  Twilight Council  
  72  5:00  Forge  
  72  5:02  Probe  
  72  5:06  Probe  
  74  5:14  Probe  
  74  5:18  Probe  
  76  5:22  Probe  
  76  5:23  Charge  
  76  5:26  Probe  
  76  5:27  Warp Prism (Chrono Boost)  
  76  5:28  Assimilator  
  78  5:30  Probe, Sentry  
  78  5:33  Sentry, Assimilator  
  78  5:35  Probe, Protoss Ground Weapons Level 1 (Chrono Boost)  
  86  5:37  Gateway  
  86  5:41  Gateway  
  86  5:43  Probe x2  
  86  5:48  Probe, Pylon  
  89  5:51  Gateway  
  89  5:55  Probe  
  89  5:56  Probe  
  91  6:00  Observer, Probe  
  93  6:04  Pylon  
  93  6:07  Pylon  
  93  6:08  Probe x2  
  95  6:12  Zealot x3  
  95  6:13  Probe  
  95  6:17  Templar Archives  
  102  6:20  Probe  
  102  6:21  Immortal  
  107  6:38  Pylon  
  107  6:40  Zealot x5  
  113  6:56  Immortal  
  113  7:02  High Templar x6  
  113  7:05  Gateway  
  113  7:06  Nexus  
  113  7:07  Gateway  
  125  7:10  Pylon, Archon x3  
  125  7:12  Pylon  
  125  7:14  Probe x3  
  128  7:25  Protoss Ground Weapons Level 2 (Chrono Boost)  
  128  7:29  Photon Cannon  
  129  7:30  Probe x3, Immortal  
  129  7:31  Robotics Facility  
  133  7:55  Zealot x6  
  107  8:08  Mothership Core, Immortal (Chrono Boost)  
  113  8:16  Probe x2  
  113  8:18  High Templar x3  
  111  8:22  Immortal (Chrono Boost)  
  111  8:23  Probe  
  111  8:27  Assimilator  
  114  8:28  Zealot x4, Probe  
  114  8:29  Zealot  
  114  8:31  Assimilator  
  125  8:37  Archon  
  125  8:45  Immortal (Chrono Boost)  
  129  8:53  High Templar x2  
  129  8:54  Zealot x6  
  145  8:57  Immortal (Chrono Boost), Archon  
  145  8:58  Gateway  
  145  8:59  Gateway  
  145  9:19  Immortal (Chrono Boost)  
  131  9:25  High Templar x2  
  131  9:26  Zealot x4  
  131  9:31  Immortal (Chrono Boost)  
  130  9:33  High Templar  
  130  9:37  Archon  
  122  9:39  Mothership Core  
  122  9:45  Zealot  
  126  9:48  Zealot x3  
  136  9:52  Zealot  
  136  9:53  Immortal (Chrono Boost)  
  136  9:58  Probe x2  
  134  10:03  High Templar  
  134  10:05  Probe, Immortal (Chrono Boost)  
  141  10:08  High Templar  
  141  10:09  High Templar  
  141  10:10  High Templar  
  141  10:13  Archon  
  147  10:14  Archon  
  147  10:18  Pylon  
  147  10:19  Pylon x2  
  145  10:21  Pylon  
  145  10:23  Pylon  
  145  10:24  Pylon  
  145  10:27  Immortal (Chrono Boost)  
  143  10:31  High Templar x2  
  147  10:36  Archon  
  147  10:39  Immortal (Chrono Boost)  
  137  10:46  Probe x2  
  137  10:47  Zealot x6  
  126  11:01  Immortal (Chrono Boost)  
  117  11:04  Zealot x4  
  117  11:08  Pylon  
  113  11:11  Probe  
  113  11:17  High Templar x3  
  113  11:18  High Templar  
  121  11:25  Archon  
  121  11:26  Archon  
  121  11:28  High Templar  
  121  11:29  Zealot x3, High Templar  
  131  11:35  Pylon, Archon  
  131  11:37  Pylon  
Tags
 
Add a new tag
Caveats
  • Supply blocks, unpowered buildings, or Contaminate may cause inaccurate times.
  • Supply counts are checked every 10 seconds.